Map: Terraform LE (Void)

Players

Toons - Winner!

  • Race: Terran Terran
  • League: Silver

VOD

Have the link to the VOD?

Description

Time

  • Played on: Aug. 5, 2015, 6:43 a.m.
  • Length: 13:27
Show
View Real Time Build Order
Export as new Build Order

Toons Terran - Winner!

Build Orders: MMM Bio 

Get SALT Encoding   

  12  0:02  SCV  
  12  0:14  SCV  
  12  0:19  Supply Depot  
  12  0:26  SCV  
  12  0:40  SCV  
  12  0:42  Barracks  
  12  0:50  Refinery  
  12  0:52  SCV  
  12  1:04  SCV  
  12  1:16  SCV  
  12  1:26  Supply Depot  
  12  1:29  SCV  
  12  1:35  Marine  
  12  1:40  Barracks  
  12  1:43  SCV  
  12  1:55  Barracks Tech Lab  
  12  1:58  SCV  
  12  2:02  Refinery  
  12  2:13  SCV  
  12  2:14  Marine  
  12  2:16  Stimpack  
  12  2:23  Supply Depot  
  12  2:27  SCV  
  12  2:30  Barracks Reactor  
  12  2:32  Marine  
  12  2:41  SCV  
  12  2:49  Marine  
  12  2:53  SCV  
  12  3:00  Command Center  
  12  3:05  SCV  
  12  3:11  Marine x2  
  12  3:20  SCV  
  12  3:21  Marauder  
  12  3:32  SCV  
  12  3:38  Marine x2  
  12  3:39  Supply Depot  
  12  3:50  Supply Depot  
  12  3:55  Engineering Bay  
  12  4:01  SCV  
  12  4:06  Bunker  
  12  4:08  Marine x2  
  12  4:10  Marauder  
  12  4:20  Orbital Command  
  12  4:27  Marine x2  
  12  4:36  Marauder  
  12  4:40  Orbital Command  
  12  4:57  SCV  
  12  5:03  Combat Shields  
  12  5:04  Terran Infantry Weapons Level 1  
  12  5:11  Factory  
  12  5:13  Marine x2  
  12  5:15  Marauder  
  12  5:20  Barracks  
  12  5:26  SCV  
  12  5:27  SCV  
  12  5:33  Missile Turret  
  12  5:34  Marine x2  
  12  5:39  Supply Depot  
  12  5:41  SCV x2  
  12  5:46  Marauder  
  12  5:56  Refinery  
  12  6:00  SCV x2, Marine  
  12  6:01  Marine  
  12  6:02  Factory Reactor  
  12  6:08  Starport  
  12  6:09  Barracks Tech Lab  
  12  6:12  Barracks  
  12  6:14  SCV x2  
  12  6:20  Marine  
  12  6:21  Marauder, Marine  
  12  6:36  SCV x2  
  12  6:42  Widow Mine x2  
  12  6:47  Supply Depot  
  12  6:48  Supply Depot  
  12  6:50  Supply Depot, SCV  
  12  6:55  Concussive Shells  
  12  6:56  SCV  
  12  6:59  Terran Infantry Armor Level 1  
  12  7:00  Starport  
  12  7:04  Armory  
  12  7:06  SCV  
  12  7:07  Barracks Reactor  
  12  7:08  SCV  
  12  7:09  Marine x2  
  12  7:12  Marauder  
  12  7:13  Marauder  
  12  7:14  Starport Reactor  
  12  7:15  Widow Mine x2  
  12  7:27  Marine  
  12  7:28  Marine  
  12  7:30  SCV x2  
  12  7:33  Marine  
  12  7:35  Refinery  
  12  7:40  Marine  
  12  7:45  Marine  
  12  7:48  Barracks, Widow Mine x2  
  12  7:51  Command Center  
  12  7:54  Supply Depot  
  12  7:55  Supply Depot, Missile Turret, Medivac x2  
  12  7:57  Marine x2  
  12  7:59  Marauder  
  12  8:14  Supply Depot x2  
  12  8:15  SCV x2  
  12  8:17  Supply Depot  
  12  8:20  Marine x2  
  12  8:22  Marauder x2  
  12  8:26  Hellbat x2  
  12  8:45  Marine x3  
  12  8:46  Marauder  
  12  8:47  Medivac x2, Marauder  
  12  8:58  SCV x2  
  12  9:04  Terran Infantry Weapons Level 2  
  12  9:06  Terran Vehicle Weapons Level 1  
  12  9:08  Marauder, Hellbat x2  
  12  9:12  Barracks Tech Lab  
  12  9:14  Marine x2  
  12  9:15  Marine  
  12  9:17  SCV x2  
  12  9:24  Supply Depot  
  12  9:26  Medivac x2  
  12  9:28  Supply Depot  
  12  9:29  Marine  
  12  9:33  Marauder  
  12  9:40  SCV  
  12  9:41  SCV  
  12  9:46  Missile Turret  
  12  9:47  Marauder, Orbital Command  
  12  9:50  Marine x3  
  12  9:55  Marauder  
  12  9:56  Medivac x2  
  12  10:06  Refinery  
  12  10:08  Marauder  
  12  10:21  Marine x3  
  12  10:23  Marauder  
  12  10:25  Hellbat x2  
  12  10:29  Refinery  
  12  10:30  Marauder  
  12  10:32  Supply Depot  
  12  10:34  Supply Depot  
  12  10:35  Supply Depot  
  12  10:40  Engineering Bay  
  12  10:43  Marine x2  
  12  10:45  Barracks  
  12  10:46  Barracks  
  12  10:49  Barracks  
  12  10:50  Marauder, Marine  
  12  10:51  Marauder  
  12  10:55  Medivac x2  
  12  10:57  Widow Mine x2  
  12  11:04  Terran Vehicle And Ship Armor Level 1  
  12  11:06  Terran Infantry Armor Level 2  
  12  11:08  Marauder  
  12  11:11  Starport  
  12  11:12  Marauder  
Tags
 
Composition
MMM Bio
League
Silver
Race
Terran
Replay Pack
nubstuff
Add a new tag
Caveats
  • Supply blocks, unpowered buildings, or Contaminate may cause inaccurate times.
  • Supply counts are checked every 10 seconds.